 Dungeon Crawl Stone Soup version 0.26-a0-639-g72c4674329 (webtiles) character file.

Game seed: 18412031359873753492

28 PentaManta the Skirmisher (level 3, 0/29 HPs)
             Began as a Formicid Abyssal Knight on Sept 20, 2020.
             Was a Follower of Lugonu.
             Slain by a gnoll
             ... wielding a +0 spear
              (5 damage)
             ... on level 2 of the Dungeon.
             The game lasted 00:02:39 (810 turns).

PentaManta the Skirmisher (Formicid Abyssal Knight)  Turns: 810, Time: 00:02:40

Health: 0/29       AC:  0    Str: 17    XL:     3   Next: 30%
Magic:  4/4        EV: 11    Int: 11    God:    Lugonu [*.....]
Gold:   71         SH:  0    Dex: 10    Spells: 2/2 levels left

rFire    . . .     SeeInvis +   d - +1 whip (elec)
rCold    . . .     Faith    .   (no shield)
rNeg     . . .     Spirit   .   (no armour)
rPois    .         Reflect  .   (helmet unavailable)
rElec    .         Harm     .   (no cloak)
rCorr    .         Rampage  .   (no gloves)
MR       .....                  (no boots)
Stlth    +.........             c - amulet of regeneration
HPRegen  0.49/turn              (no ring)
MPRegen  0.09/turn              (no ring)

@: no status effects
A: permanent stasis, dig shafts and tunnels, four strong arms, antennae 3
a: Dig, Shaft Self, Depart the Abyss, Renounce Religion


You were on level 2 of the Dungeon.
You worshipped Lugonu.
Lugonu was aware of your devotion.
You visited 1 branch of the dungeon, and saw 2 of its levels.
You visited the Abyss 1 time.

You collected 71 gold pieces.

Inventory:

Hand Weapons
 a - a +1 hand axe
 d - a +1 whip of electrocution (weapon)
 g - a +0 dagger of protection
 h - a cursed -3 hunting sling
Missiles
 k - 2 atropa-tipped darts (quivered)
Armour
 b - a +0 leather armour
 p - a +0 ring mail
Jewellery
 c - an amulet of regeneration (around neck)
Scrolls
 e - 7 scrolls of identify {unknown}
 f - a scroll of remove curse {unknown}
 l - a scroll of immolation {unknown}
 n - 3 scrolls of amnesia {unknown}
Potions
 i - a potion of berserk rage {unknown}
 j - a potion of magic {unknown}
 m - a potion of curing {unknown}
 o - a potion of cancellation {unknown}


   Skills:
 - Level 3.2 Fighting
 - Level 2.6(3.0) Axes
 * Level 2.1(2.7) Maces & Flails
 - Level 2.1 Armour
 - Level 0.8 Dodging
 - Level 2.1 Invocations


You had 2 spell levels left.
You didn't know any spells.
Your spell library was empty.

Dungeon Overview and Level Annotations

Branches:
Dungeon (2/15)

Altars:
Ashenzari


Innate Abilities, Weirdness & Mutations

You cannot be hasted, slowed, berserked, paralysed or teleported.
You can dig through walls and to a lower floor.
Your four strong arms can wield two-handed weapons with a shield.
You have a pair of large antennae on your head. (SInv)


Message History

You see here a throwing net.
You struggle against the net.
The gnoll hits you from afar with a +0 spear.
You struggle against the net.
The gnoll hits you from afar with a +0 spear.
A gnoll comes into view. It is wielding a +0 flail.
You struggle against the net.
The gnoll shouts!
The gnoll hits you from afar with a +0 spear.
Okay, then.
You struggle against the net.
The gnoll shouts!
The gnoll hits you from afar with a +0 spear!
You rip the net and break free!
The gnoll hits you!
* * * LOW HITPOINT WARNING * * *
The gnoll closely misses you.
A goblin comes into view. It is wielding a +0 club.
The goblin shouts!
The gnoll hits you from afar with a +0 spear.
You die...

. { .# .## . ..# .#
..##.###.# #.#
.......<.# ..#
.##..###.#### ..# ##.
#....####.#
#.###@##......#
#....g........#
#.[g........#.###
##...†)......#...#
g.##..................
g.g.g#g..........####..
....!.......†..### .
#####..........#
#.#......###


You could see 4 gnolls and a goblin.

Vanquished Creatures
  A dart slug (D:1)
  2 ball pythons (D:1)
  3 giant cockroaches (D:1)
  A goblin (D:1)
  4 hobgoblins (D:1)
  4 kobolds
  4 bats (D:1)
  A frilled lizard (D:2)
  3 rats
23 creatures vanquished.

Vanquished Creatures (others)
  2 starspawn tentacles (Abyss:1)
2 creatures vanquished.

Grand Total: 25 creatures vanquished

Notes
Turn   | Place    | Note
-------+----------+-------------------------------------------
     0 | Abyss:1  | PentaManta the Formicid Abyssal Knight began the quest for
                  | the Orb.
     0 | Abyss:1  | Reached XP level 1. HP: 18/18 MP: 2/2
    39 | Abyss:1  | Noticed a tentacled starspawn
    63 | Abyss:1  | Noticed a large abomination
    64 | Abyss:1  | Noticed a small abomination
    78 | Abyss:1  | Noticed a sun demon
    80 | D:1      | Escaped the Abyss
   175 | D:1      | Reached XP level 2. HP: 16/24 MP: 3/3
   195 | D:1      | Found a shattered altar of Ashenzari.
   217 | D:1      | Reached skill level 1 in Maces & Flails
   219 | D:1      | Reached * piety under Lugonu
   430 | D:1      | Reached XP level 3. HP: 27/29 MP: 4/4
   810 | D:2      | Slain by a gnoll

Illustrated notes

Levels and vault maps discovered:
D:1:      minmay_arrival_three_doors, layout_loops_ring, evilmike_ruin_ashenzari
D:2:      layout_rooms, fedhas_altar_fruit_tree, uniq_natasha, uniq_jessica

Skill      XL: |  1  2  3 |
---------------+----------+-----
Maces & Flails | 1 2 |  2.1
Fighting       | |  3.2
Axes           | |  2.6
Armour         | |  2.1
Dodging        | |  0.8
Invocations    | |  2.1

Action                   || total
-------------------------++-------
Melee: Whip              ||    54
       Hand axe          ||     1
Invok: Depart the Abyss  ||     1
 Abil: Dig               ||     3
Armor: Leather armour    ||    20
Dodge: Dodged            ||    31

Table legend: (Time is in decaauts)
 A = Elapsed time spent in this place.
 B = Non-inter-level travel time spent in this place.
 C = Inter-level travel time spent in this place.
 D = Time resting spent in this place.
 E = Time spent auto-exploring this place.
 F = Levels seen in this place.
 G = Mean time per level.
                   A        B        C        D        E       F      G
               +--------+--------+--------+--------+--------+-----+--------+
         Total |    810 |    789 |     21 |     16 |    515 |   3 |  270.0 |
       Dungeon |    729 |    708 |     21 |     16 |    515 |   2 |  364.5 |
         Abyss |     80 |     80 |      0 |      0 |      0 |   1 |   80.0 |
               +--------+--------+--------+--------+--------+-----+--------+

Top non-repeatable levels by time:
     D:1: 679 daAuts
 Abyss:1: 80 daAuts
     D:2: 49 daAuts
